 Dungeon Crawl Stone Soup version 0.22.1-2-g9c5b331 (webtiles) character file.

77 Anon1729 the Chiller (level 4, 0/27 HPs)
             Began as an Octopode Ice Elementalist on Nov 18, 2018.
             Slain by a jackal (3 damage)
             ... on level 2 of the Dungeon.
             The game lasted 00:02:54 (2000 turns).

Anon1729 the Chiller (Octopode Ice Elementalist)    Turns: 2000, Time: 00:02:54

Health: 0/27       AC:  1    Str:  7    XL:     4   Next: 34%
Magic:  4/8        EV: 13    Int: 18    God:
Gold:   82         SH:  0    Dex: 12    Spells: 7/8 levels left

rFire    . . .     SeeInvis .   m - +1 dagger (flame)
rCold    . . .     Gourm    .   (no shield)
rNeg     . . .     Faith    .   (helmet restricted)
rPois    .         Spirit   .   e - amulet of the acrobat
rElec    .         Reflect  .   h - ring of teleportation (curse)
rCorr    .         Harm     .   (no ring)
MR       .....     Rnd*Tele +   (no ring)
Stlth    +++.......             (no ring)
HPRegen  0.09/turn              (no ring)
MPRegen  0.11/turn              (no ring)
                                (no ring)
                                (no ring)

@: no status effects
A: almost no armour, stealthy swim, amphibious, 8 rings, constrict 8, camouflage
1, gelatinous body 1
a: no special abilities


You were on level 2 of the Dungeon.
You were not hungry.

You visited 1 branch of the dungeon, and saw 3 of its levels.

You collected 82 gold pieces.

Inventory:

Hand Weapons
 m - a +1 dagger of flaming (weapon)
Jewellery
 e - an amulet of the acrobat (around mantle)
 h - a cursed ring of teleportation (left tentacle)
 n - an uncursed ring of protection from fire {unknown}
Scrolls
 a - 2 scrolls of identify {unknown}
 d - a scroll of fear {unknown}
 f - 3 scrolls of teleportation {unknown}
 k - 5 scrolls of magic mapping {unknown}
 l - a scroll of fog {unknown}
Potions
 c - a potion of magic {unknown}
 g - a potion of berserk rage {unknown}
 j - 2 potions of lignification {unknown}
Comestibles
 b - 6 rations
 i - 5 chunks of flesh


   Skills:
 + Level 2.5 Dodging
 + Level 3.5 Stealth
 * Level 2.9 Spellcasting
   Level 1.0 Conjurations
 * Level 3.7 Ice Magic


You had 7 spell levels left.
You knew the following spells:

 Your Spells              Type           Power        Failure   Level  Hunger
a - Freeze                Ice            ###.         3%          1    None

Your spell library contained the following spells:

 Spells                   Type           Power        Failure   Level  Hunger
 Throw Frost              Conj/Ice       ##....       10%         2    ##.....
 Ozocubu's Armour         Chrm/Ice       #.......     22%         3    ###....
 Throw Icicle             Conj/Ice       ##......     52%         4    ####...
 Summon Ice Beast         Ice/Summ       #.......     58%         4    ####...


Dungeon Overview and Level Annotations

Branches:
Dungeon (3/15)

Altars:

Annotations:
D:3 Natasha


Innate Abilities, Weirdness & Mutations

You cannot wear most types of armour.
You are very stealthy in the water. (Stealth+)
You are amphibious.
You can wear up to eight rings at the same time.
You can use your tentacles to constrict eight enemies at once.
Your skin changes colour to match your surroundings (Stealth+).
Your rubbery body absorbs attacks. (AC +1, EV +1)


Message History

The jackal closely misses you.
Natasha mumbles some strange words.
You can't go up here!
Natasha mumbles some strange words.
The jackal misses you.
There is a stone staircase leading up here.
The jackal closely misses you.
You climb upwards.
There is a stone staircase leading down here.
Casting: Freeze (safe; 3% risk of failure)
Confirm with . or Enter, or press ? or * to list all spells.
Aiming: Freeze (safe; 3% risk of failure)
Press: ? - help, Shift-Dir - straight line, f - jackal
Aim: a jackal You freeze the jackal.
The jackal is severely wounded.
The jackal bites you.
* * * LOW HITPOINT WARNING * * *
The jackal bites you.
You die...

##.##########.###.#####
##.#.#.................##########
#.###..###.......................
.## ##......###.#.###..###.####.#
#.###.............# #..# #.# #.#
...#..<###..####.(# #..###.## #[#
..#.##.# #..####[.# #.......###.#
..###..###......h.###.##.#.#.##.#
#.##.....#....(>@.....#.........#
..###..#.######..........#.#.#..#
#..###.#.# #..######.....##..#
#......#.# #..# #..#.###..#
#.#.#.##.######..# #..#.###..#
..#.#............# #..#.......
#..........####.## #......#..#
#.#.#.##.#.#....#######..###....#
#.#.#.##.#.#.............# #.##.#


You could see a jackal.

Vanquished Creatures
  3 adders
  2 dart slugs
  2 leopard geckos
  4 orcs (D:3)
  7 bats
  2 giant cockroaches (D:1)
  7 goblins
  4 hobgoblins
  A jackal (D:3)
  A ball python (D:1)
  3 kobolds
  3 rats (D:1)
39 creatures vanquished.

Notes
Turn   | Place    | Note
-------+----------+-------------------------------------------
     0 | D:1      | Anon1729 the Octopode Ice Elementalist began the quest for
                  | the Orb.
     0 | D:1      | Reached XP level 1. HP: 11/11 MP: 3/3
   525 | D:1      | Reached XP level 2. HP: 13/17 MP: 5/5
  1075 | D:1      | Reached XP level 3. HP: 21/21 MP: 6/6
  1901 | D:3      | Noticed Natasha
  1909 | D:3      | Reached XP level 4. HP: 27/27 MP: 8/8
  2000 | D:2      | Slain by a jackal

Skill      XL: |  1  2 |
---------------+-------+-----
Stealth        | 3 |  3.5
Dodging        | |  2.5
Spellcasting   | |  2.9
Conjurations   | |  1.0
Ice Magic      | |  3.7

Action                   |  1- 3 |  4- 6 || total
-------------------------+-------+-------++-------
Melee: Unarmed           |    67 |       ||    67
       Constrict         |    31 |     7 ||    38
       Tentacles         |    14 |     3 ||    17
       Dagger            |    12 |    18 ||    30
 Cast: Freeze            |     6 |     9 ||    15
 Stab: Sleeping          |     7 |       ||     7
  Eat: Chunk             |     3 |       ||     3
Armor: Skin              |    10 |     2 ||    12
Dodge: Dodged            |    70 |    40 ||   110
